 Dungeon Crawl Stone Soup version 0.19.5 (webtiles) character file.

73 Kahvikuppo the Skirmisher (level 4, -5/37 HPs)
             Began as a Demonspawn Berserker on Apr 17, 2017.
             Was a Believer of Trog.
             Slain by a hound (6 damage)
             ... on level 3 of the Dungeon.
             The game lasted 00:08:54 (1609 turns).

Kahvikuppo the Skirmisher (Demonspawn Berserker)    Turns: 1609, Time: 00:08:54

Health: -5/37      AC:  3    Str: 19    XL:     4   Next: 8%
Magic:  13/13      EV: 12    Int:  8    God:    Trog [**....]
Gold:   49         SH:  0    Dex: 12    Spells: 0 memorised, 3 levels left

rFire  . . .     SeeInvis .     n - +0 spear
rCold  . . .     Gourm    .     o - +0 leather armour
rNeg   . . .     Faith    .     (no shield)
rPois  .         Spirit   .     (helmet restricted)
rElec  .         Reflect  .     (no cloak)
rCorr  .         Harm     .     (no gloves)
MR     .....                    (no boots)
Stlth  +.........               (no amulet)
                                (no ring)
                                g - ring of magical power

@: no status effects
A: antennae 2, spiny 1
a: Berserk, Trog's Hand, Burn Spellbooks, Renounce Religion


You were on level 3 of the Dungeon.
You worshipped Trog.
Trog was pleased with you.
You were not hungry.

You visited 1 branch of the dungeon, and saw 4 of its levels.

You collected 49 gold pieces.

Inventory:

Hand Weapons
 a - a +0 falchion
 e - a +0 spear
 n - a +0 spear (weapon)
Missiles
 l - 25 poisoned needles (quivered)
Armour
 b - a +0 animal skin
 o - a +0 leather armour (worn)
Jewellery
 g - a ring of magical power (left hand)
Scrolls
 d - 5 scrolls of identify {unknown}
 h - a scroll of enchant armour {unknown}
 i - 2 scrolls of teleportation {unknown}
 j - a scroll of remove curse {unknown}
 m - a scroll of blinking {unknown}
Potions
 k - 2 potions of degeneration {unknown}
Comestibles
 c - 2 bread rations
 f - 4 fruits


   Skills:
 + Level 3.8 Fighting
 + Level 3.3 Long Blades
 + Level 0.8 Polearms
 + Level 1.8 Armour
 + Level 2.2 Dodging
 + Level 0.2 Stealth


You had 3 spell levels left.
You didn't know any spells.

Dungeon Overview and Level Annotations

Branches:
Dungeon (4/15)
 Temple: D:4-7

Altars:
Dithmenos
Hepliaklqana
Xom
Yredelemnul


Innate Abilities, Weirdness & Mutations

You have a pair of antennae on your head.
You are partially covered in sharp spines.


Message History

There is a stone staircase leading down here.
The hound is struck by your spines. The hound barely misses you.
The adder is struck by your spines.
You kill the adder!
Trog accepts your kill.
You have reached level 4!
You feel stronger.
Your demonic ancestry asserts itself...
The antennae on your head grow some more.
The hound is struck by your spines. The hound misses you.
You climb downwards.
Found 15 stones.
There is a stone staircase leading up here.
The hound bites you.
* * * LOW HITPOINT WARNING * * *
You climb upwards.
There is a stone staircase leading down here.
You barely miss the hound.
The hound is almost dead.
The hound bites you.
You die...

######## . . ......# #
.. ######....# ^#.# .
.........# ##...#
..!#####......###...###
#!....................#
.......@h.....##.#######
#####.......<.##....(...
#....[...(##########
#.####......?.{{r..# ...
#######.......# ....
#.......# #### #.......#
#.......# #.......#


You could see a hound.

Vanquished Creatures
  3 adders
  An ooze (D:3)
  A dart slug (D:1)
  A leopard gecko (D:1)
  A giant cockroach (D:1)
  6 goblins
  5 hobgoblins
  6 jackals
  4 kobolds
  2 bats
  A frilled lizard (D:2)
  8 rats
39 creatures vanquished.

Notes
Turn   | Place    | Note
-------+----------+-------------------------------------------
     0 | D:1      | Kahvikuppo the Demonspawn Berserker began the quest for the Orb.
     0 | D:1      | Reached XP level 1. HP: 18/18 MP: 1/1
   152 | D:1      | Gained mutation: You are partially covered in sharp spines. [demonic ancestry]
   152 | D:1      | Reached XP level 2. HP: 2/24 MP: 2/2
   502 | D:1      | Reached ** piety under Trog
   975 | D:2      | Found a faded altar of an unknown god.
   975 | D:2      | Found a faded altar of an unknown god.
   982 | D:2      | Found a faded altar of an unknown god.
   987 | D:2      | Found a shadowy altar of Dithmenos.
   990 | D:2      | Gained mutation: You have a pair of small antennae on your head. [demonic ancestry]
   990 | D:2      | Reached XP level 3. HP: 24/29 MP: 3/3
   991 | D:2      | Found a faded altar of an unknown god.
  1056 | D:2      | Found a basalt altar of Yredelemnul.
  1088 | D:2      | Found a shimmering altar of Xom.
  1088 | D:2      | Found a shimmering altar of Xom.
  1088 | D:2      | Found a shimmering altar of Xom.
  1089 | D:2      | Found a shimmering altar of Xom.
  1204 | D:2      | Found a hazy altar of Hepliaklqana.
  1205 | D:2      | Found a shimmering altar of Xom.
  1205 | D:2      | Noticed a hell beast
  1206 | D:2      | Noticed a hell beast
  1206 | D:2      | Noticed a spectral ugly thing
  1605 | D:3      | Gained mutation: You have a pair of antennae on your head. [demonic ancestry]
  1605 | D:3      | Reached XP level 4. HP: 5/37 MP: 4/4
  1607 | D:4      | HP: 1/37 [hound (4)]
  1609 | D:3      | Slain by a hound

Skill      XL: |  1  2 |
---------------+-------+-----
Long Blades    | 3 |  3.3
Dodging        | 2 |  2.2
Fighting       | |  3.8
Polearms       | |  0.8
Armour         | |  1.8
Stealth        | |  0.2

Action                   |  1- 3 |  4- 6 || total
-------------------------+-------+-------++-------
Melee: Spear             |    93 |     1 ||    94
       Falchion          |     8 |       ||     8
 Stab: Sleeping          |     1 |       ||     1
  Eat: Fruit             |     3 |       ||     3
Armor: Animal skin       |    13 |       ||    13
       Leather armour    |     2 |       ||     2
Dodge: Dodged            |    79 |     1 ||    80
